IL
ROUND ROCK EXPRESS @ BUFFALO BISONS
09/19/2045
 
TOP OF THE 1ST
Round Rock Express batting - Pitching for Buffalo Bisons : LHP Jon Valdovinos
Pitching: LHP Jon Valdovinos
Batting: SHB Valentin Laporte 0-0: Ball
1-0: Ball
2-0: Called Strike
2-1: Swinging Strike
2-2: Strikes out swinging
Batting: RHB Zhi-bin Ou-yang 0-0: Ground out 3-1 (Groundball, 13, EV 89.4 MPH)
Batting: RHB Luis Villanueva 0-0: Ball
1-0: Ball
2-0: Ball
3-0: SINGLE (Groundball, 56D, EV 95.0 MPH)
Batting: RHB Orlando Suarez 0-0: Ball
1-0: Swinging Strike
1-1: Foul Ball, location: 2F
1-2: Strikes out swinging
Top of the 1st over - 0 runs, 1 hit, 0 errors, 1 left on base; Round Rock 0 - Buffalo 0
BOTTOM OF THE 1ST
Buffalo Bisons batting - Pitching for Round Rock Express : RHP Matt Stutzman
Pitching: RHP Matt Stutzman
Batting: SHB Spencer Jones 0-0: Ball
1-0: Foul Ball, location: 2F
1-1: Bunted foul
1-2: Fly out, F7 (Flyball, 7LS, EV 76.9 MPH)
Batting: LHB Cody Schumacher 0-0: Ball
1-0: Foul Ball, location: 2F
1-1: SINGLE (Groundball, 34D, EV 94.4 MPH)
Batting: RHB Pedro Nin 0-0: Ball
Cody Schumacher steals 2nd base
1-0: Foul Ball, location: 2F
1-1: Ball
Cody Schumacher steals 3rd base
2-1: Fly out, F8 (Flyball, 8LD, EV 87.5 MPH)
Runner from 3rd tags up, SCORES, throw by CF
Batting: RHB Alex Ramos 0-0: Swinging Strike
0-1: Ball
1-1: Swinging Strike
1-2: Ball
2-2: Ball
3-2: Fly out, F9 (Flyball, 9LD, EV 94.4 MPH)
Bottom of the 1st over - 1 run, 1 hit, 0 errors, 0 left on base; Round Rock 0 - Buffalo 1
TOP OF THE 2ND
Round Rock Express batting - Pitching for Buffalo Bisons : LHP Jon Valdovinos
Batting: RHB Rodolfo Contreras 0-0: Foul Ball, location: 2F
0-1: Ball
1-1: Called Strike
1-2: Ball
2-2: Ball
3-2: Ground out 1-3 (Groundball, 13S, EV 70.0 MPH)
Batting: RHB Chris Torlak 0-0: SINGLE (Groundball, 5S, EV 71.2 MPH) (infield hit)
Batting: SHB Isaiah Cherry 0-0: Called Strike
0-1: Ball
1-1: Foul Ball, location: 2F
1-2: Strikes out swinging
Batting: RHB Jerry Jauregui 0-0: Called Strike
Chris Torlak is caught stealing 2nd base 2-4
Top of the 2nd over - 0 runs, 1 hit, 0 errors, 0 left on base; Round Rock 0 - Buffalo 1
BOTTOM OF THE 2ND
Buffalo Bisons batting - Pitching for Round Rock Express : RHP Matt Stutzman
Batting: RHB Kai Stoyle 0-0: Ball
1-0: Foul Ball, location: 2F
1-1: Called Strike
1-2: Ball
2-2: Fly out, F9 (Flyball, 9D, EV 103.1 MPH)
Batting: LHB Tso-lin Fen 0-0: DOUBLE (Line Drive, 89M, EV 112.5 MPH)
Batting: LHB Sadamu Noguchi 0-0: Ball
1-0: Ball
2-0: Swinging Strike
2-1: Foul Ball, location: 2F
2-2: Ball
3-2: Base on Balls
Batting: LHB Timo Gomez 0-0: Foul Ball, location: 2F
0-1: Ball
1-1: Called Strike
1-2: Ball
2-2: Strikes out swinging
Batting: RHB Justin Ganey 0-0: Ball
1-0: Ball
2-0: Ball
3-0: Base on Balls
Tso-lin Fen to third
Sadamu Noguchi to second
Batting: SHB Spencer Jones 0-0: Ball
1-0: Ball
2-0: Ground out 2-3 (Groundball, 15S, EV 74.4 MPH)
Bottom of the 2nd over - 0 runs, 1 hit, 0 errors, 3 left on base; Round Rock 0 - Buffalo 1
TOP OF THE 3RD
Round Rock Express batting - Pitching for Buffalo Bisons : LHP Jon Valdovinos
Batting: RHB Jerry Jauregui 0-0: Called Strike
0-1: Ball
1-1: SINGLE (Line Drive, 7S, EV 101.9 MPH)
Batting: RHB Rick Concha 0-0: Ball
1-0: Ball
2-0: SINGLE (Groundball, 6MS, EV 69.4 MPH) (infield hit)
Jerry Jauregui to second
Batting: SHB Valentin Laporte 0-0: SINGLE (Line Drive, 4M, EV 96.9 MPH)
Jerry Jauregui to third
Rick Concha to second
Batting: RHB Zhi-bin Ou-yang 0-0: Ball
1-0: Reached on error, E3 (Groundball, 13, EV 77.5 MPH)
Jerry Jauregui scores
Rick Concha to third
Valentin Laporte to second
Batting: RHB Luis Villanueva 0-0: Ball
1-0: Foul Ball, location: 2F
1-1: Ball
2-1: Fly out, F7 (Flyball, 7LS, EV 90.6 MPH)
Batting: RHB Orlando Suarez 0-0: Called Strike
0-1: SINGLE (Groundball, 6MD, EV 108.8 MPH)
Rick Concha scores
Valentin Laporte to third
Zhi-bin Ou-yang to second
Runner from 3rd tries for Home, throw by CF and OUT! 8-2
Batting: RHB Rodolfo Contreras 0-0: Called Strike
0-1: Ball
1-1: Swinging Strike
1-2: Strikes out swinging
Top of the 3rd over - 2 runs, 4 hits, 1 error, 2 left on base; Round Rock 2 - Buffalo 1
BOTTOM OF THE 3RD
Buffalo Bisons batting - Pitching for Round Rock Express : RHP Matt Stutzman
Batting: LHB Cody Schumacher 0-0: Foul Ball, location: 2F
0-1: Fly out, F8 (Flyball, 8LM, EV 72.5 MPH)
Batting: RHB Pedro Nin 0-0: Ground out 4-3 (Groundball, 4, EV 79.4 MPH)
Batting: RHB Alex Ramos 0-0: Foul Ball, location: 2F
0-1: Ball
1-1: Ball
2-1: Foul Ball, location: 2F
2-2: Ground out U3 (Groundball, 34, EV 83.8 MPH)
Bottom of the 3rd over - 0 runs, 0 hits, 0 errors, 0 left on base; Round Rock 2 - Buffalo 1
TOP OF THE 4TH
Round Rock Express batting - Pitching for Buffalo Bisons : LHP Jon Valdovinos
Batting: RHB Chris Torlak 0-0: Ball
1-0: Foul Ball, location: 2F
1-1: Ball
2-1: Ground out 3-1 (Groundball, 34S, EV 76.2 MPH)
Batting: SHB Isaiah Cherry 0-0: Ball
1-0: Ball
2-0: Called Strike
2-1: Called Strike
2-2: Strikes out looking
Batting: RHB Jerry Jauregui 0-0: Ball
1-0: Called Strike
1-1: Fly out, F7 (Line Drive, 7D, EV 88.8 MPH)
Top of the 4th over - 0 runs, 0 hits, 0 errors, 0 left on base; Round Rock 2 - Buffalo 1
BOTTOM OF THE 4TH
Buffalo Bisons batting - Pitching for Round Rock Express : RHP Matt Stutzman
Batting: RHB Kai Stoyle 0-0: Foul Ball, location: 2F
0-1: Ball
1-1: Reached on error, E2 (Groundball, 2L, EV 69.4 MPH)
Batting: LHB Tso-lin Fen 0-0: Called Strike
0-1: Foul Ball, location: 2F
0-2: Ball
1-2: Foul Ball, location: 2F
1-2: Ball
2-2: Ground out 4-3 (Groundball, 4, EV 80.0 MPH)
Kai Stoyle to third
Batting: LHB Sadamu Noguchi 0-0: Ball
1-0: Called Strike
1-1: Ball
2-1: Called Strike
2-2: Ball
3-2: Ground out U3 (Groundball, 3, EV 86.9 MPH)
Batting: LHB Timo Gomez 0-0: Ball
1-0: Ball
2-0: 2-RUN HOME RUN (Flyball, 7D, EV 98.1 MPH), Distance : 375 ft
Batting: RHB Justin Ganey 0-0: Ball
1-0: Ball
2-0: Ball
3-0: Called Strike
3-1: Base on Balls
Batting: SHB Spencer Jones 0-0: Ball
1-0: Foul Ball, location: 2F
1-1: Foul Ball, location: 2F
1-2: Ball
2-2: Foul Ball, location: 2F
2-2: Strikes out swinging
Bottom of the 4th over - 2 runs, 1 hit, 1 error, 1 left on base; Round Rock 2 - Buffalo 3
TOP OF THE 5TH
Round Rock Express batting - Pitching for Buffalo Bisons : LHP Jon Valdovinos
Batting: RHB Rick Concha 0-0: Called Strike
0-1: Foul Ball, location: 2F
0-2: DOUBLE (Line Drive, 7LM, EV 94.4 MPH)
Batting: SHB Valentin Laporte 0-0: Ground out 6-3 (Groundball, 6, EV 85.0 MPH)
Rick Concha to third
Batting: RHB Zhi-bin Ou-yang 0-0: Ball
1-0: Called Strike
1-1: Ball
2-1: Ball
3-1: Ground out 6-3 (Groundball, 6, EV 99.4 MPH)
Batting: RHB Luis Villanueva 0-0: Ball
1-0: Swinging Strike
1-1: Foul Ball, location: 2F
1-2: Ground out U3 (Groundball, 34S, EV 88.8 MPH)
Top of the 5th over - 0 runs, 1 hit, 0 errors, 1 left on base; Round Rock 2 - Buffalo 3
BOTTOM OF THE 5TH
Buffalo Bisons batting - Pitching for Round Rock Express : RHP Matt Stutzman
Batting: LHB Cody Schumacher 0-0: Ball
1-0: Foul Ball, location: 2F
1-1: SINGLE (Line Drive, 9LS, EV 88.8 MPH)
Batting: RHB Pedro Nin 0-0: Ball
1-0: Called Strike
Cody Schumacher steals 2nd base
1-1: Ball
2-1: Foul Ball, location: 2F
2-2: Strikes out looking
Batting: RHB Alex Ramos 0-0: Called Strike
Cody Schumacher steals 3rd base
0-1: Ball
1-1: Fly out, F7 (Flyball, 78D, EV 97.5 MPH)
Runner from 3rd tags up, SCORES, throw by LF
Batting: RHB Kai Stoyle 0-0: Ball
1-0: Ball
2-0: Ball
3-0: SINGLE (Line Drive, 8LS, EV 89.4 MPH)
Batting: LHB Tso-lin Fen 0-0: Called Strike
0-1: Called Strike
Kai Stoyle steals 2nd base
0-2: Ground out 4-3 (Groundball, 34D, EV 106.9 MPH)
Bottom of the 5th over - 1 run, 2 hits, 0 errors, 1 left on base; Round Rock 2 - Buffalo 4
TOP OF THE 6TH
Round Rock Express batting - Pitching for Buffalo Bisons : LHP Jon Valdovinos
Batting: RHB Orlando Suarez 0-0: Called Strike
0-1: Ball
1-1: Ball
2-1: Ball
3-1: DOUBLE (Line Drive, 78XD, EV 105.0 MPH)
Batting: RHB Rodolfo Contreras 0-0: Called Strike
0-1: Ball
1-1: Ball
2-1: Ground out 5-3 (Groundball, 5L, EV 107.5 MPH)
Batting: RHB Chris Torlak 0-0: Ball
1-0: Called Strike
1-1: Ball
2-1: Ground out U3 (Groundball, 3L, EV 91.9 MPH)
Orlando Suarez to third
Batting: SHB Isaiah Cherry 0-0: Ball
1-0: Foul Ball, location: 2F
1-1: Called Strike
1-2: Foul Ball, location: 2F
1-2: Strikes out swinging
Top of the 6th over - 0 runs, 1 hit, 0 errors, 1 left on base; Round Rock 2 - Buffalo 4
BOTTOM OF THE 6TH
Buffalo Bisons batting - Pitching for Round Rock Express : RHP Matt Stutzman
Batting: LHB Sadamu Noguchi 0-0: DOUBLE (Line Drive, 7LM, EV 91.9 MPH)
Batting: LHB Timo Gomez 0-0: Called Strike
0-1: Foul Ball, location: 2F
0-2: Foul Ball, location: 2F
0-2: Strikes out swinging
Batting: RHB Justin Ganey 0-0: Ball
1-0: Foul Ball, location: 2F
1-1: Ball
2-1: Fly out, F7 (Flyball, 78D, EV 88.8 MPH)
Batting: SHB Spencer Jones 0-0: Called Strike
0-1: Ball
1-1: Ball
2-1: Swinging Strike
2-2: Foul Ball, location: 2F
2-2: Foul Ball, location: 2F
2-2: Ground out 6-3 (Groundball, 6M, EV 106.9 MPH)
Bottom of the 6th over - 0 runs, 1 hit, 0 errors, 1 left on base; Round Rock 2 - Buffalo 4
TOP OF THE 7TH
Round Rock Express batting - Pitching for Buffalo Bisons : LHP Jon Valdovinos
Batting: RHB Jerry Jauregui 0-0: Called Strike
0-1: Foul Ball, location: 2F
0-2: Ball
1-2: Fly out, F9 (Flyball, 9, EV 95.6 MPH)
Batting: RHB Rick Concha 0-0: Ball
1-0: Foul Ball, location: 2F
1-1: Called Strike
1-2: Ball
2-2: Strikes out swinging
Batting: SHB Valentin Laporte 0-0: Ball
1-0: Swinging Strike
1-1: Ball
2-1: Ball
3-1: SOLO HOME RUN (Flyball, 9D, EV 96.2 MPH), Distance : 376 ft
Batting: RHB Zhi-bin Ou-yang 0-0: Ball
1-0: Ground out 6-3 (Groundball, 6, EV 107.5 MPH)
Top of the 7th over - 1 run, 1 hit, 0 errors, 0 left on base; Round Rock 3 - Buffalo 4
BOTTOM OF THE 7TH
Buffalo Bisons batting - Pitching for Round Rock Express : RHP Matt Stutzman
Batting: LHB Cody Schumacher 0-0: Called Strike
0-1: Fly out, F6 (Popup, 6MS, EV 83.1 MPH)
Pitching: RHP Ryan Jones
Batting: RHB Pedro Nin 0-0: Ball
1-0: Swinging Strike
1-1: Called Strike
1-2: Strikes out swinging
Batting: RHB Alex Ramos 0-0: Ball
1-0: Foul Ball, location: 2F
1-1: Called Strike
1-2: Ground out 5-3 (Groundball, 56, EV 83.8 MPH)
Bottom of the 7th over - 0 runs, 0 hits, 0 errors, 0 left on base; Round Rock 3 - Buffalo 4
TOP OF THE 8TH
Round Rock Express batting - Pitching for Buffalo Bisons : LHP Jon Valdovinos
Batting: RHB Luis Villanueva 0-0: Called Strike
0-1: Ball
1-1: Foul Ball, location: 2F
1-2: Ball
2-2: Ball
3-2: Base on Balls
Pitching: RHP Gilberto Dominguez
Batting: RHB Orlando Suarez 0-0: Foul Ball, location: 2F
0-1: Called Strike
0-2: Ball
1-2: Ball
2-2: Strikes out swinging
Batting: RHB Rodolfo Contreras 0-0: Swinging Strike
0-1: Ball
1-1: Ball
2-1: Ball
3-1: Fielders Choice at 2nd, 1-6 (Groundball, 13, EV 68.1 MPH)
Batting: RHB Chris Torlak 0-0: Ball
1-0: Ball
2-0: Fielders Choice at 2nd, 6-4 (Groundball, 56, EV 98.1 MPH)
Top of the 8th over - 0 runs, 0 hits, 0 errors, 1 left on base; Round Rock 3 - Buffalo 4
BOTTOM OF THE 8TH
Buffalo Bisons batting - Pitching for Round Rock Express : RHP Ryan Jones
Batting: RHB Kai Stoyle 0-0: Foul Ball, location: 2F
0-1: Called Strike
0-2: Foul Ball, location: 2F
0-2: Ball
1-2: Ground out 5-3 (Groundball, 56, EV 100.0 MPH)
Batting: LHB Tso-lin Fen 0-0: Foul Ball, location: 2F
0-1: Called Strike
0-2: Ball
1-2: Ball
2-2: Ground out 1-3 (Groundball, 13S, EV 62.5 MPH)
Batting: LHB Sadamu Noguchi 0-0: Ground out 4-3 (Groundball, 4, EV 83.8 MPH)
Bottom of the 8th over - 0 runs, 0 hits, 0 errors, 0 left on base; Round Rock 3 - Buffalo 4
TOP OF THE 9TH
Round Rock Express batting - Pitching for Buffalo Bisons : RHP Gilberto Dominguez
Pitching: RHP Luis Bautista
Batting: SHB Isaiah Cherry 0-0: Ball
1-0: Ball
2-0: Ball
3-0: Foul Ball, location: 2F
3-1: Foul Ball, location: 2F
3-2: Foul Ball, location: 2F
3-2: Base on Balls
Batting: RHB Jerry Jauregui 0-0: Ball
1-0: Ball
2-0: Foul Ball, location: 2F
2-1: Swinging Strike
2-2: Strikes out swinging
Pinch Hitting: SHB Alvare Bairro 0-0: Ball
1-0: Ball
2-0: SINGLE (Groundball, 34, EV 103.8 MPH) (infield hit)
Isaiah Cherry to second
Batting: SHB Valentin Laporte 0-0: Swinging Strike
0-1: Foul Ball, location: 2F
0-2: Foul Ball, location: 2F
0-2: Strikes out looking
Batting: RHB Zhi-bin Ou-yang 0-0: Foul Ball, location: 2F
0-1: Foul Ball, location: 2F
0-2: Strikes out looking
Top of the 9th over - 0 runs, 1 hit, 0 errors, 2 left on base; Round Rock 3 - Buffalo 4
Wednesday, June 22nd , 2022 - OOTP Baseball 23.4 Build 64